 Dungeon Crawl Stone Soup version 0.18.1-47-g9310371 (webtiles) character file.

407 dvd the Grave Robber (level 6, -2/51 HPs)
             Began as a Deep Dwarf Necromancer on June 22, 2016.
             Slain by Grinder (4 damage)
             ... while paralysed by Grinder
             ... on level 3 of the Dungeon.
             The game lasted 00:12:54 (2274 turns).

dvd the Grave Robber (Deep Dwarf Necromancer)       Turns: 2274, Time: 00:12:54

Health: -2/51      AC:  3    Str: 12    XL:     6   Next: 57%
Magic:  11/11      EV:  2    Int: 17    God:
Gold:   165        SH:  0    Dex: 13    Spells: 3 memorised, 4 levels left

rFire  . . .     SeeInvis .     r - -3 trident (curse)
rCold  . . .     Gourm    .     p - -2 ring mail (curse)
rNeg   . . .     Faith    .     (no shield)
rPois  .         Spirit   .     (no helmet)
rElec  .         Dismiss  .     (no cloak)
rCorr  .         Reflect  .     (no gloves)
SustAt .         Harm     .     (no boots)
MR     .....                    i - amulet of magic regeneration
Stlth  ++........               (no ring)
                                j - ring of stealth

@: paralysed, non-regenerating, not resistant to hostile enchantments,
unstealthy
A: damage resistance, recharge devices, sense surroundings 1, slow regeneration
3
a: Device Recharging


You were on level 3 of the Dungeon.
You were not hungry.

You visited 1 branch of the dungeon, and saw 3 of its levels.

You collected 165 gold pieces.

Inventory:

Hand Weapons
 e - a +1 dagger
 n - a +0 mace
 r - a cursed -3 trident (weapon)
 u - a +2 mace of holy wrath
 y - a +4 dagger of venom
Armour
 a - a +0 robe
 l - a +0 ring mail
 p - a cursed -2 ring mail (worn)
 x - a +0 ring mail
Jewellery
 i - an amulet of magic regeneration (around neck)
 j - a ring of stealth (left hand)
Wands
 c - a wand of heal wounds (0/9)
Scrolls
 k - 3 scrolls of identify
 t - a scroll of magic mapping
Potions
 f - a potion of haste
 h - a potion of cancellation {unknown}
 q - a potion of degeneration {unknown}
 v - a potion of berserk rage {unknown}
Books
 b - a book of Necromancy

   Spells                             Type                      Level
   a - Pain                           Necromancy                   1
   b - Animate Skeleton               Necromancy                   1
   c - Vampiric Draining              Necromancy                   3
   d - Regeneration                   Charms/Necromancy            3
   e - Animate Dead                   Necromancy                   4
   f - Control Undead                 Necromancy                   4
 s - a book of the Earth

   Spells                             Type                      Level
   a - Leda's Liquefaction            Hexes/Earth                  4
   b - Bolt of Magma                  Conjuration/Fire/Earth       5
   c - Statue Form                    Transmutation/Earth          6
   d - Iron Shot                      Conjuration/Earth            6
   e - Shatter                        Earth                        9
 w - a book of Beasts

   Spells                             Type                      Level
   a - Summon Butterflies             Summoning                    1
   b - Call Canine Familiar           Summoning                    3
   c - Summon Ice Beast               Ice/Summoning                4
   d - Summon Mana Viper              Hexes/Summoning              5
   e - Summon Hydra                   Summoning                    7
Comestibles
 d - 2 bread rations
 g - a slice of pizza
 o - a beef jerky


   Skills:
 + Level 1.0 Fighting
 + Level 2.1 Armour
 + Level 3.2 Dodging
 + Level 2.6 Stealth
 + Level 3.6 Spellcasting
 + Level 6.3 Necromancy
 + Level 0.3 Evocations


You had 4 spell levels left.
You knew the following spells:

 Your Spells              Type           Power        Failure   Level  Hunger
a - Pain                  Necr           ###.         2%          1    None
b - Vampiric Draining     Necr           ###.......   10%         3    ###....
c - Animate Dead          Necr           N/A          30%         4    ####...


Dungeon Overview and Level Annotations

Branches:
Dungeon (3/15)

Altars:
Ashenzari
Pakellas
Xom

Annotations:
D:3 Grinder


Innate Abilities, Weirdness & Mutations

You are resistant to damage.
You can recharge devices by infusing magical energy.
You passively map a small area around you.
You do not regenerate naturally.


Message History

Grinder is severely wounded.
Grinder misses you.
You hit Grinder.
Grinder is severely wounded.
Grinder blinks!
Grinder grins, showing sharp teeth.
Grinder gestures at you. You resist with significant effort.
You hit Grinder.
Grinder is almost dead.
Grinder blinks!
You barely miss Grinder.
Grinder is almost dead.
Grinder misses you.
You hit Grinder but do no damage.
Grinder is almost dead.
Grinder gestures at you.
You suddenly lose the ability to move!
Grinder hits you.
You die...

#.# #.# ###
######### *,# #.#
#.###.##.#..####.#
#.#
#.##...Z.........#
#.#
#.##.#######..####
#.# #....# #..#
#.# ###..#.#
#)5######.#
...)...###
#).@......#
##.Z..>....
#..###.####
#.#######(#
#.......# #.#
#.#*#.####..# ##.#
#.....####..# ...#
#.######....# ...#
#..# #.##.# ##.#
#..# #.##.#
#.#######..#
#.##.#


You could see Grinder.

Vanquished Creatures
  A hippogriff (D:3)
  The ghost of baljet the Sneak, an amateur VSAs (D:3)
  An orc priest (D:3)
  Ijyb (D:3)
  Natasha (twice) (D:3)
  2 adders
  2 worms
  A dart slug (D:2)
  5 giant geckos
  4 orcs
  6 goblins
  10 hobgoblins
  6 jackals (D:1)
  5 kobolds
  2 quokkas
  12 bats
  4 giant newts
  A rat (D:2)
66 creatures vanquished.

Notes
Turn   | Place    | Note
--------------------------------------------------------------
     0 | D:1      | dvd the Deep Dwarf Necromancer began the quest for the Orb.
     0 | D:1      | Reached XP level 1. HP: 15/15 MP: 3/3
   209 | D:1      | Reached XP level 2. HP: 5/22 MP: 1/4
   490 | D:1      | Reached skill level 5 in Necromancy
   570 | D:1      | Reached XP level 3. HP: 30/30 MP: 3/5
   943 | D:2      | Learned a level 3 spell: Vampiric Draining
   955 | D:2      | Found an oddly glowing altar of Pakellas.
   960 | D:2      | Found a shimmering altar of Xom.
  1217 | D:2      | Found a shattered altar of Ashenzari.
  1514 | D:3      | Reached XP level 4. HP: 31/37 MP: 2/7
  1627 | D:3      | Noticed baljet's ghost (amateur VSAs)
  1749 | D:3      | Killed baljet's ghost
  1749 | D:3      | Reached XP level 5. HP: 26/43 MP: 9/9
  1799 | D:3      | Learned a level 4 spell: Animate Dead
  1813 | D:3      | Noticed a hippogriff
  1845 | D:3      | Killed a hippogriff
  1845 | D:3      | Reached skill level 1 in Fighting
  1845 | D:3      | Reached skill level 1 in Armour
  1845 | D:3      | Reached skill level 6 in Necromancy
  1845 | D:3      | Reached XP level 6. HP: 36/51 MP: 7/11
  1858 | D:3      | Noticed Ijyb
  1862 | D:3      | Noticed Natasha
  1877 | D:3      | Killed Ijyb
  1882 | D:3      | Killed Natasha
  2086 | D:3      | Noticed Natasha
  2088 | D:3      | Killed Natasha
  2212 | D:3      | Noticed Grinder
  2225 | D:3      | Paralysed by Grinder for 4 turns
  2236 | D:3      | Paralysed by Grinder for 2 turns
  2237 | D:3      | HP: 2/51 [Grinder (3)]
  2266 | D:3      | HP: 2/51 [Grinder (4)]
  2273 | D:3      | Paralysed by Grinder for 3 turns
  2274 | D:3      | Slain by Grinder

Skill      XL: |  1  2  3  4  5  6 |
---------------+-------------------+-----
Necromancy     | 5 6 |  6.3
Spellcasting   | 2 3 |  3.6
Fighting       | 1 |  1.0
Armour         | 1 2 |  2.1
Dodging        | 3 |  3.2
Stealth        | |  2.6
Evocations     | |  0.3

Action                   |  1- 3 |  4- 6 || total
-------------------------+-------+-------++-------
Melee: Dagger            |    22 |       ||    22
       Unarmed           |     4 |       ||     4
       Trident           |       |    91 ||    91
 Cast: Pain              |    87 |    25 ||   112
       Vampiric Draining |     1 |    19 ||    20
       Animate Dead      |       |     2 ||     2
Evoke: Wand              |     1 |     4 ||     5
  Use: Scroll            |     5 |       ||     5
  Eat: Chunk             |     4 |     5 ||     9
Armor: Robe              |    18 |       ||    18
       Ring mail         |     4 |    29 ||    33
Dodge: Dodged            |    47 |    71 ||   118
